 Dungeon Crawl Stone Soup version 0.27-a0-906-g0a00ce863d (webtiles) character file.

Game seed: 14813749137554220571

69906 Alarkh the Black Belt (level 14, -4/116 HPs)
             Began as a Demonspawn Gladiator on Apr 6, 2021.
             Was a Follower of Uskayaw.
             Slain by a centaur warrior (5 damage)
             ... on level 14 of the Dungeon.
             The game lasted 00:52:36 (23830 turns).

Alarkh the Black Belt (Demonspawn Gladiator)       Turns: 23830, Time: 00:52:37

Health: -4/116     AC: -5    Str:  9    XL:     14   Next: 92%
Magic:  24/30      EV: 16    Int: 17    God:    Uskayaw [*.....]
Gold:   2028       SH:  5    Dex: 19    Spells: 13/22 levels left

rFire    . . .     SeeInvis +     - Unarmed
rCold    . . .     Faith    .   (no shield)
rNeg     + . .     Spirit   .   a - +3 leather armour of Githrucw {Regen+ Int+3}
rPois    +         Reflect  +   b - +0 helmet
rElec    +         Harm     .   F - +0 cloak
rCorr    .         Rampage  .   (no gloves)
Will     +....                  h - +1 pair of boots
Stlth    +++.......             z - amulet of Qekur {Reflect rElec rN+ Str-5 SH+5}
HPRegen  3.29/turn              i - ring of see invisible
MPRegen  0.22/turn              D - ring of Vunudib {Drain rPois MP+9 Dex+3}

@: corroded
A: claws 2, powered by death 2, sharp scales 1, demonic magic 2
a: Renounce Religion, Stomp


You were on level 14 of the Dungeon.
You worshipped Uskayaw.
Uskayaw was aware of your devotion.
You visited 3 branches of the dungeon, and saw 21 of its levels.
You visited the Abyss 1 time.
You also visited: Sewer, Gauntlet and Ice Cave.

You collected 2028 gold pieces.

Inventory:

Missiles
 c - 3 throwing nets (quivered)
 f - 38 poisoned darts
 E - 11 curare-tipped darts
Armour
 a - the +3 leather armour of Githrucw (worn) {Regen+ Int+3}
   (You found it on level 9 of the Dungeon)

   It affects your intelligence (+3).
   It increases your rate of health regeneration.
 b - a +0 helmet (worn)
 h - a +1 pair of boots (worn)
 w - the +1 ring mail of Watchfulness {rPois Regen+ Int+6 Dex-3}
   (You found it on level 12 of the Dungeon)

   It affects your intelligence (+6).
   It affects your dexterity (-3).
   It protects you from poison.
   It increases your rate of health regeneration.
 y - +0 ice dragon scales
 F - a +0 cloak (worn)
Magical Staves
 k - a staff of earth
Jewellery
 i - a ring of see invisible (left claw)
 m - a ring of resist corrosion
 t - a ring of protection from cold
 v - an amulet of reflection
 z - the amulet of Qekur (around neck) {Reflect rElec rN+ Str-5 SH+5}
   (You found it in an ice cave)

   [amulet of reflection]

   It reflects blocked missile attacks.
   It affects your strength (-5).
   It insulates you from electricity.
   It protects you from negative energy.
   It affects your SH (+5).
 C - a +6 ring of dexterity
 D - the ring of Vunudib (right claw) {Drain rPois MP+9 Dex+3}
   (You found it in an ice cave)

   [ring of magical power]

   It affects your dexterity (+3).
   It protects you from poison.
   It affects your magic capacity (+9).
   It drains your maximum health when unequipped.
 G - a +6 ring of dexterity
 I - a ring of willpower
 T - a ring of positive energy
Wands
 p - a wand of digging (5)
 q - a wand of mindburst (20)
 H - a wand of paralysis (30)
 J - a wand of iceblast (9)
 N - a wand of polymorph (7)
 S - a wand of acid (11)
Scrolls
 e - 3 scrolls of silence
 j - 2 scrolls of blinking
 l - 2 scrolls of fear
 o - a scroll of summoning
 r - 3 scrolls of identify
 u - a scroll of teleportation
 x - 2 scrolls of fog
 B - 2 scrolls of magic mapping
 P - a scroll of enchant armour {unknown}
Potions
 g - a potion of lignification
 n - a potion of brilliance
 s - 3 potions of flight
 K - a potion of might
 L - a potion of heal wounds
 M - 3 potions of cancellation
 O - 4 potions of curing
Miscellaneous
 d - a condenser vane
 A - a phantom mirror


   Skills:
 + Level 12.9 Fighting
 - Level 1.7 Throwing
 + Level 7.4 Dodging
 + Level 5.7 Stealth
 * Level 16.3 Unarmed Combat
 + Level 4.9 Spellcasting
 - Level 4.0 Conjurations
 + Level 2.4 Transmutations
 - Level 4.0 Fire Magic
 + Level 9.1 Invocations


You had 13 spell levels left.
You knew the following spells:

 Your Spells              Type           Power      Damage    Failure   Level
a - Conjure Flame         Conj/Fire      17%        6-21      12%         3
b - Statue Form           Tmut/Erth      5%         N/A       100%        6

Your spell library contained the following spells:

 Spells                   Type           Power      Damage    Failure   Level
 Magic Dart               Conj           68%        1d6       4%          1
 Passwall                 Tmut/Erth      6%         N/A       19%         2
 Animate Skeleton         Necr           8%         N/A       21%         1
 Apportation              Tloc           8%         N/A       21%         1
 Corona                   Hex            4%         N/A       21%         1
 Freeze                   Ice            16%        1d4       21%         1
 Sandblast                Erth           8%         2d5       21%         1
 Summon Small Mammal      Summ           16%        N/A       21%         1
 Stone Arrow              Conj/Erth      20%        3d8       26%         3
 Blink                    Tloc           N/A        N/A       30%         2
 Call Imp                 Summ           4%         N/A       30%         2
 Slow                     Hex            4%         N/A       30%         2
 Mephitic Cloud           Conj/Pois/Air  8%         N/A       34%         3
 Frozen Ramparts          Ice            8%         1d2       52%         3
 Ozocubu's Armour         Ice            4%         N/A       52%         3
 Hailstorm                Conj/Ice       10%        3d5       65%         4
 Petrify                  Tmut/Erth      8%         N/A       77%         4
 Irradiate                Conj/Tmut      7%         3d15      83%         5
 Summon Ice Beast         Ice/Summ       4%         N/A       90%         4
 Lee's Rapid Deconstruct  Erth           2%         3d5*      99%         5
 Blade Hands              Tmut           6%         N/A       100%        6
 Dragon Form              Tmut           6%         N/A       100%        7


Dungeon Overview and Level Annotations

Branches:
Dungeon (15/15)            Temple (1/1) D:5            Lair (6/6) D:10
  Swamp (0/4) Lair:2       Spider (0/4) Lair:3        Slime (0/5) Lair:5
    Orc (0/2) D:9           Sewer (visited)           IceCv (visited)
Gauntlet (visited)
 Vaults: D:13-14     Depths: D:15

Altars:
Ashenzari
Cheibriados
Dithmenos
Elyvilon
Fedhas
Gozag
Hepliaklqana
Kikubaaqudgha
Makhleb
Nemelex Xobeh
Okawaru
Qazlal
Ru
Sif Muna
Trog
Uskayaw
Vehumet
Wu Jian
Xom
Yredelemnul
Zin
The Shining One
Beogh
Jiyva

Shops:
D:2 =   D:5 =

Annotations:
D:6 1 transporter
D:12 Kirke
Lair:6 exclusion: 2 oklob plants


Innate Abilities, Weirdness & Mutations

You have very sharp fingernails.
You regenerate health from kills.
You are partially covered in razor-sharp scales. (AC +1, Slay +1)
Spells you cast may paralyse nearby enemies.


Message History

You scratch the centaur but do no damage.
You claw the centaur, but do no damage.
The centaur is heavily wounded.
The centaur unwields a +0 shortbow.
The centaur barely misses you. The centaur kicks you.
* * * LOW HITPOINT WARNING * * *
The centaur closely misses you. x2; The centaur warrior hits you!
* * * LOW HITPOINT WARNING * * *
The centaur warrior barely misses you.
The centaur unwields a +0 shortbow.
The centaur hits you.
* * * LOW HITPOINT WARNING * * *
The centaur kicks you.
* * * LOW HITPOINT WARNING * * *
You stomp with the beat, sending a shockwave through the revellers around you!
The centaur is almost dead.
The centaur is heavily wounded. x2
The centaur warrior is moderately wounded.
You can no longer stomp with the beat.
You block the centaur's attack. x2; The centaur closely misses you.
The centaur barely misses you.
You can now stomp with the beat.
You stomp with the beat, sending a shockwave through the revellers around you!
You kill the centaur! x2
The centaur warrior is heavily wounded.
The centaur is severely wounded.
You can no longer stomp with the beat.
The centaur barely misses you. The centaur kicks you.
* * * LOW HITPOINT WARNING * * *
You block the centaur warrior's attack. The centaur warrior kicks you.
* * * LOW HITPOINT WARNING * * *
You can now stomp with the beat.
You scratch the centaur but do no damage.
The centaur is severely wounded.
The centaur misses you. The centaur kicks you.
* * * LOW HITPOINT WARNING * * *
The centaur unwields a +0 shortbow.
The centaur completely misses you. x2
The centaur warrior hits you!
* * * LOW HITPOINT WARNING * * *
The centaur warrior kicks you.
You die...

######+####
.......c@)#
.......cc.#
..........#
..........#
..........#
##+########


You could see a centaur warrior and 2 centaurs.

Vanquished Creatures
  A very ugly thing (Abyss:1)
  Azrael (D:12)
  A minotaur (Gauntlet)
  3 dire elephants (Lair:6)
  Snorg (D:11)
  2 boulder beetles
  Erolcha (D:11)
  2 ice dragons (IceCv)
  8 hydras
  Erica (D:8)
  4 two-headed ogres
  An anaconda (Lair:6)
  11 death yaks
  Sonja (D:11)
  Pikel (D:6)
  A lindwurm (Lair:5)
  A bog body (Lair:2)
  A wizard (Gauntlet)
  A cyclops (D:11)
  A manticore (D:12)
  A black mamba (Lair:2)
  18 elephants
  Maurice (D:8)
  A torpor snail (Lair:6)
  2 ice statues (IceCv)
  12 cane toads
  8 rime drakes
  2 unseen horrors
  A large abomination (Abyss:1)
  5 komodo dragons
  An ice devil (Gauntlet)
  A kobold demonologist (D:9)
  5 trolls
  An ancient zyme (Abyss:1)
  A troll (shapeshifter) (Gauntlet)
  3 polar bears
  Grinder (D:3)
  4 blink frogs
  Prince Ribbit (D:6)
  A vampire (D:11)
  6 wyverns
  5 small abominations (Abyss:1)
  47 yaks
  2 wraiths
  A shadow (D:10)
  A fire elemental (D:12)
  6 basilisks
  2 hogs (D:12)
  5 vampire mosquitoes
  Grum (D:9)
  Duvessa (D:6)
  15 water moccasins
  4 hell hounds (D:12)
  6 orc warriors
  5 sky beasts
  18 ice beasts
  4 black bears
  3 necrophages
  6 ogres
  24 wolves
  The ghost of kae the Insei, an amateur DsGl (D:3)
  8 centaurs
  4 lemures (D:6)
  A phantom (D:4)
  3 kobold brigands
  10 bullfrogs
  A gnoll sergeant (D:12)
  2 scorpions
  A wyvern skeleton (D:7)
  Dowan (D:6)
  8 killer bees
  A wight (D:7)
  A howler monkey (D:11)
  2 centaur zombies
  4 crimson imps (D:3)
  A hound (D:6)
  A jelly (D:4)
  5 orc priests
  2 centaur skeletons
  5 iguanas
  Natasha (thrice) (D:2)
  8 orc wizards
  A hell rat (Lair:5)
  Ijyb (D:4)
  A killer bee zombie (D:7)
  A hound skeleton (D:4)
  3 howler monkey zombies
  5 adders
  3 gnolls (D:12)
  A howler monkey skeleton (D:7)
  2 shadow imps
  4 white imps (Gauntlet)
  10 worms
  2 dart slugs
  32 orcs
  15 ball pythons
  9 endoplasms
  7 giant cockroaches
  6 goblins
  2 hobgoblins (D:2)
  6 jackals
  3 quokkas
  14 bats
  3 frilled lizards
  21 kobolds
  A quokka skeleton (D:4)
  3 rats
505 creatures vanquished.

Vanquished Creatures (others)
  2 orcs (D:12)
  A butterfly (D:14)
  19 demonic plants (Gauntlet)
  34 fungi
  A lurking horror (Abyss:1)
  106 plants
  11 starspawn tentacles (Abyss:1)
174 creatures vanquished.

Grand Total: 679 creatures vanquished

Notes
Turn   | Place    | Note
-------+----------+-------------------------------------------
     0 | D:1      | Alarkh the Demonspawn Gladiator began the quest for the
                  | Orb.
     0 | D:1      | Reached XP level 1. HP: 16/16 MP: 1/1
   196 | D:1      | Reached skill level 3 in Unarmed Combat
   205 | D:1      | Gained mutation: You have sharp fingernails. [demonic
                  | ancestry]
   205 | D:1      | Reached XP level 2. HP: 15/22 MP: 2/2
   383 | D:1      | Found a faded altar of an unknown god.
   975 | D:2      | Found Viadaoc's Jewellery Boutique.
  1239 | D:2      | Reached XP level 3. HP: 28/28 MP: 3/3
  1593 | D:2      | Noticed Natasha
  1607 | D:2      | Killed Natasha
  1608 | D:2      | Reached skill level 4 in Unarmed Combat
  1621 | D:2      | Reached XP level 4. HP: 10/34 MP: 4/4
  1898 | D:2      | Noticed Natasha
  1913 | D:2      | Killed Natasha
  1966 | D:2      | Noticed Natasha
  2152 | D:2      | Killed Natasha
  2468 | D:3      | Found a shimmering altar of Xom.
  2772 | D:3      | Found a burning altar of Makhleb.
  2833 | D:3      | Noticed Grinder
  2835 | D:3      | Paralysed by Grinder for 4 turns
  2851 | D:3      | Killed Grinder
  2852 | D:3      | Reached skill level 5 in Unarmed Combat
  2852 | D:3      | Gained mutation: Spells you cast may paralyse adjacent
                  | enemies. [demonic ancestry]
  2852 | D:3      | Reached XP level 5. HP: 42/42 MP: 5/5
  2852 | D:3      | Gained mutation: You are partially covered in razor-sharp
                  | scales. (AC +1, Slay +1) [demonic ancestry]
  2852 | D:3      | Reached XP level 6. HP: 48/48 MP: 6/6
  2921 | D:3      | Found a runed translucent gate.
  2921 | D:3      | Noticed kae's ghost (amateur DsGl)
  2923 | D:3      | Found a runed translucent gate.
  2923 | D:3      | Found a runed translucent gate.
  3340 | D:4      | Reached skill level 6 in Unarmed Combat
  3451 | D:4      | Noticed Ijyb
  3465 | D:4      | Killed Ijyb
  3466 | D:4      | Gained mutation: Spells you cast may paralyse nearby
                  | enemies. [demonic ancestry]
  3466 | D:4      | Reached XP level 7. HP: 38/55 MP: 7/7
  4198 | D:4      | Learned a level 3 spell: Conjure Flame
  4415 | D:5      | Entered Level 5 of the Dungeon
  4533 | D:5      | Reached skill level 5 in Fighting
  4638 | D:4      | Reached skill level 1 in Conjurations
  4742 | D:5      | Reached skill level 1 in Spellcasting
  4742 | D:5      | Reached skill level 1 in Fire Magic
  4865 | D:5      | Reached skill level 7 in Unarmed Combat
  4865 | D:5      | Reached XP level 8. HP: 15/62 MP: 8/10
  5040 | D:5      | Found Jasoats's Jewellery Boutique.
  5810 | D:5      | Found a staircase to the Ecumenical Temple.
  6047 | Temple   | Entered the Ecumenical Temple
  6325 | D:6      | Noticed Pikel
  6458 | D:6      | Killed Pikel
  6471 | D:6      | Found a sparkling altar of Nemelex Xobeh.
  6471 | D:6      | Found a transporter.
  6471 | D:6      | Noticed a slime creature
  6612 | D:6      | Noticed Prince Ribbit
  6614 | D:6      | Reached skill level 8 in Unarmed Combat
  6616 | D:6      | Noticed Duvessa
  6622 | D:6      | Noticed Dowan
  6639 | D:6      | Killed Dowan
  6640 | D:6      | Gained mutation: You regenerate a little health from kills.
                  | [demonic ancestry]
  6640 | D:6      | Reached XP level 9. HP: 42/69 MP: 13/13
  6649 | D:6      | Killed Duvessa
  6659 | D:6      | Found a glowing drain.
  6672 | D:6      | Killed Prince Ribbit
  6691 | Sewer    | Entered a sewer
  7653 | D:3      | Killed kae's ghost
  8212 | D:7      | HP: 3/71 [centaur (3)]
  8704 | D:7      | Reached skill level 9 in Unarmed Combat
  8923 | D:6      | Reached XP level 10. HP: 14/79 MP: 16/16
  9477 | D:8      | Noticed Erica
  9496 | D:8      | Killed Erica
  9497 | D:8      | Reached skill level 10 in Unarmed Combat
  9683 | D:8      | Noticed Maurice
  9698 | D:8      | Killed Maurice
 10413 | D:9      | Reached skill level 11 in Unarmed Combat
 10671 | D:9      | Identified the +3 leather armour of Githrucw {Regen+ Int+3}
 10742 | D:9      | Noticed Grum
 10766 | D:9      | Killed Grum
 10819 | D:9      | Gained mutation: You regenerate health from kills. [demonic
                  | ancestry]
 10819 | D:9      | Reached XP level 11. HP: 84/89 MP: 17/17
 10907 | D:9      | Found a broken altar of Ashenzari.
 11134 | D:9      | Found a staircase to the Orcish Mines.
 11208 | D:9      | Found a hide-covered altar of Uskayaw.
 11226 | D:9      | Found a radiant altar of Vehumet.
 11291 | D:10     | Entered Level 10 of the Dungeon
 11434 | D:9      | Became a worshipper of Uskayaw the Reveller
 11480 | D:10     | Reached * piety under Uskayaw
 11489 | D:10     | Found a staircase to the Lair.
 11525 | D:9      | Reached ** piety under Uskayaw
 11683 | D:10     | Reached skill level 12 in Unarmed Combat
 11684 | D:10     | Reached *** piety under Uskayaw
 11686 | D:10     | Reached **** piety under Uskayaw
 11691 | D:10     | Reached ***** piety under Uskayaw
 11701 | D:10     | Reached ****** piety under Uskayaw
 12076 | D:10     | Found a snail-covered altar of Cheibriados.
 12200 | D:10     | Noticed a boulder beetle
 12235 | D:10     | Killed a boulder beetle
 12363 | D:11     | Noticed a two-headed ogre
 12380 | D:11     | Reached skill level 10 in Fighting
 12388 | D:11     | Killed a two-headed ogre
 12415 | D:11     | Noticed Sonja
 12437 | D:11     | Killed Sonja
 12512 | D:11     | Noticed Erolcha
 12523 | D:11     | Cast into level 1 of the Abyss (Erolcha)
 12541 | Abyss:1  | Noticed a deep elf sorcerer
 12600 | Abyss:1  | Found a corrupted altar of Lugonu.
 12609 | Abyss:1  | Noticed a cyan very ugly thing
 12653 | Abyss:1  | Reached skill level 13 in Unarmed Combat
 12686 | Abyss:1  | Found a corrupted altar of Lugonu.
 12723 | Abyss:1  | Noticed a bone dragon
 12731 | Abyss:1  | Found a corrupted altar of Lugonu.
 12745 | Abyss:1  | Noticed a starcursed mass
 12778 | Abyss:1  | Found a corrupted altar of Lugonu.
 12779 | Abyss:1  | Noticed a deep elf demonologist
 12821 | Abyss:1  | Noticed a large abomination
 12856 | Abyss:1  | Noticed a thrashing horror
 12885 | Abyss:1  | Noticed a tentacled starspawn
 12993 | Abyss:1  | Noticed a tentacled starspawn
 13039 | Abyss:1  | Noticed a wretched star
 13082 | Abyss:1  | Noticed a green very ugly thing
 13126 | Abyss:1  | Killed a green very ugly thing
 13343 | Abyss:1  | Noticed a thrashing horror
 13377 | Abyss:1  | Found a corrupted altar of Lugonu.
 13390 | D:11     | Escaped the Abyss
 13512 | Lair:1   | Entered Level 1 of the Lair of Beasts
 13648 | Lair:1   | Found a snail-covered altar of Cheibriados.
 13677 | Lair:1   | Gained mutation: You have very sharp fingernails. [demonic
                  | ancestry]
 13677 | Lair:1   | Reached XP level 12. HP: 78/99 MP: 18/18
 14876 | Lair:2   | Noticed an eight-headed hydra
 15068 | Lair:1   | Killed an eight-headed hydra
 15148 | Lair:1   | Reached skill level 14 in Unarmed Combat
 15204 | Lair:2   | You fall into a shaft and drop 2 floors!
 15530 | Lair:2   | Found a staircase to the Swamp.
 16034 | Lair:3   | Reached skill level 1 in Invocations
 16351 | Lair:3   | Noticed a six-headed hydra
 16478 | Lair:3   | Noticed a death yak
 16479 | Lair:3   | Noticed a death yak
 16479 | Lair:3   | Noticed a death yak
 16489 | Lair:3   | Killed a death yak
 16509 | Lair:3   | Killed a death yak
 16521 | Lair:3   | Killed a death yak
 16604 | Lair:3   | Found a hole to the Spider Nest.
 16884 | Lair:3   | Reached XP level 13. HP: 107/107 MP: 19/19
 17318 | Lair:4   | Reached skill level 5 in Dodging
 17603 | Lair:4   | Reached skill level 5 in Invocations
 17612 | Lair:4   | Reached skill level 1 in Stealth
 17981 | Lair:5   | Reached skill level 15 in Unarmed Combat
 17995 | Lair:5   | Found a radiant altar of Vehumet.
 18037 | Lair:5   | Found a viscous altar of Jiyva.
 18037 | Lair:5   | Found a staircase to the Slime Pits.
 18185 | Lair:5   | Found a gate leading to a gauntlet.
 18218 | Gauntlet | Entered a Gauntlet
 18218 | Gauntlet | Found a transporter.
 18218 | Gauntlet | Found a transporter.
 18243 | Gauntlet | Found a transporter.
 18258 | Gauntlet | Found a transporter.
 18274 | Gauntlet | Found a transporter.
 18287 | Gauntlet | Found a transporter.
 18376 | Gauntlet | Found a transporter.
 18391 | Gauntlet | Found a transporter.
 18405 | Gauntlet | Found a transporter.
 18418 | Gauntlet | Found a transporter.
 18430 | Gauntlet | Noticed a ghost moth
 18434 | Gauntlet | Found a transporter.
 18436 | Gauntlet | Noticed a bunyip
 18436 | Gauntlet | a tyrant leech changed into a bunyip
 18440 | Gauntlet | Noticed an entropy weaver
 18440 | Gauntlet | a bunyip changed into an entropy weaver
 18442 | Gauntlet | an entropy weaver changed into a satyr
 18501 | Gauntlet | Found a transporter.
 18511 | Gauntlet | Found a transporter.
 18519 | Gauntlet | Found a transporter.
 18521 | Gauntlet | Found a transporter.
 18534 | Gauntlet | Noticed a quicksilver ooze
 18534 | Gauntlet | an alligator changed into a quicksilver ooze
 18542 | Gauntlet | a quicksilver ooze changed into a death yak
 18551 | Gauntlet | Found a transporter.
 18657 | Gauntlet | Noticed a storm dragon
 18697 | Gauntlet | Noticed an ettin
 18697 | Gauntlet | a slime creature changed into an ettin
 18699 | Gauntlet | Noticed a spark wasp
 18699 | Gauntlet | an ettin changed into a spark wasp
 18715 | Gauntlet | Noticed a minotaur
 18734 | Gauntlet | Killed a minotaur
 19739 | Lair:6   | Entered Level 6 of the Lair of Beasts
 20039 | Lair:6   | Reached XP level 14. HP: 116/116 MP: 20/20
 21565 | Lair:6   | Learned a level 6 spell: Statue Form
 22014 | D:11     | Noticed Snorg
 22025 | D:11     | Killed Snorg
 22026 | D:11     | Reached skill level 5 in Stealth
 22026 | D:11     | Reached skill level 16 in Unarmed Combat
 22026 | D:11     | Reached skill level 1 in Transmutations
 22086 | D:11     | Killed Erolcha
 22460 | D:12     | Identified the +1 ring mail of Watchfulness {rPois Regen+
                  | Int+6 Dex-3}
 22573 | D:12     | Noticed Azrael
 22602 | D:12     | Killed Azrael
 22731 | D:12     | Found a frozen archway.
 22745 | IceCv    | Entered an ice cave
 23003 | IceCv    | Identified the amulet of Qekur {Reflect rElec rN+ Str-5
                  | SH+5}
 23013 | IceCv    | Identified the ring of Vunudib {Drain rPois MP+9 Dex+3}
 23317 | D:12     | Noticed Kirke
 23641 | D:12     | You fall into a shaft and drop 3 floors!
 23641 | D:15     | Entered Level 15 of the Dungeon
 23830 | D:14     | HP: 1/116 [centaur warrior (11)]
 23830 | D:14     | Slain by a centaur warrior

Illustrated notes

Levels and vault maps discovered:
D:1:      wander_arrival_chamber, layout_basic,
          shapermc_ecumenical_altar_hornbeckon
D:2:      layout_basic, serial_shops, shop_statue, uniq_natasha
D:3:      layout_loops_ring, bloody_makhleb, led_xom_imps,
          ebering_ghost_rock_garden, uniq_grinder
D:4:      layout_basic, uniq_ijyb
D:5:      layout_basic, minmay_temple_entry_poolview, serial_shops,
          nicolae_shop_competitors_out_of_business
D:6:      layout_rooms, grunt_nemelex_the_gamble, portal_sewer_entry_a,
          uniq_prince_ribbit1, uniq_pikel, uniq_duvessa
D:7:      layout_cave_pools, nzn_random_ring
D:8:      layout_rooms, nrook_mini_vaults, uniq_maurice, uniq_erica
D:9:      layout_basic, minmay_overflow_temple_star_quad,
          evilmike_ruin_ashenzari, orc_0_dummy, hangedman_decor_slide_cut,
          hangedman_decor_push, uniq_grum
D:10:     layout_basic, general_overflow_altar, minmay_lair_entry_grove,
          serial_curves, eino_curves_01, eino_curves_02
D:11:     layout_loops_cross, uniq_sonja, uniq_erolcha, uniq_snorg
D:12:     layout_roguey [special_room_orc], portal_ice_cave_rime, minivault_1,
          fedhas_altar_fruit_tree, uniq_azrael, uniq_kirke, uniq_nergalle
D:14:     layout_roguey, nicolae_elyvilon_peaceful_grove
D:15:     grunt_enter_depths_hoard, layout_basic, grunt_qazlal_clouds
Temple:   zaba_magenta_temple
Lair:1:   layout_cave_pods, basic_altar, grunt_megastairs_2, lemuel_fruit_fields
Lair:2:   layout_cellular_growth, skrybe_swamp_entry_bodies, minivault_24,
          beast_lair_carwin_9, serial_bayou_shore_b
Lair:3:   layout_cave_pods, spider_nest_entry_web_field, grunt_megastairs_3,
          infiniplex_staircase_pool_2, serial_bayou_shore_a,
          serial_bayou_shore_b
Lair:4:   layout_layer_cave, grunt_forest_small_clearings, beast_lair_carwin_8
Lair:5:   wad_woods_stonehenge, layout_gridlike, slime_altar_1,
          gauntlet_entry_generic
Lair:6:   due_jungle_book, layout_layer_cave, minmay_lair_oklob_chamber

Skill      XL: |  1  2  3  4  5  6  7  8  9 10 11 12 13 14 |
---------------+-------------------------------------------+-----
Unarmed Combat | 3 4 5 6 7 8 9 11 13 14 15 16 | 16.3
Fighting       | 4 5 6 7 9 10 11 12 | 12.9
Conjurations   | 1 3 4 |  4.0
Spellcasting   | 1 2 4 |  4.9
Fire Magic     | 1 2 4 |  4.0
Dodging        | 4 6 7 |  7.4
Invocations    | 4 7 9 |  9.1
Stealth        | 3 5 |  5.7
Transmutations | 2 |  2.4
Throwing       | |  1.7

Action                   |  1- 3 |  4- 6 |  7- 9 | 10-12 | 13-15 || total
-------------------------+-------+-------+-------+-------+-------++-------
Melee: Unarmed           |   122 |   100 |   482 |   727 |   770 ||  2201
       Punch             |     1 |     1 |    19 |    52 |    80 ||   153
Throw: Dart              |       |       |     4 |     4 |       ||     8
 Cast: Conjure Flame     |       |       |       |    10 |    17 ||    27
Invok: Stomp             |       |       |       |       |     4 ||     4
       Grand Finale      |       |       |       |       |     1 ||     1
Evoke: Wand              |       |       |    13 |     9 |     5 ||    27
  Use: Scroll            |     1 |     3 |     5 |    12 |     8 ||    29
       Potion            |       |     4 |     8 |    10 |     4 ||    26
 Stab: Invisible         |       |       |       |     1 |     6 ||     7
       Paralysed         |       |       |       |    18 |    49 ||    67
       Sleeping          |       |       |       |       |     6 ||     6
Armor: Leather armour    |    48 |    23 |   143 |   230 |   146 ||   590
       Skin              |       |     7 |       |       |       ||     7
       Ring mail         |       |       |       |       |    62 ||    62
Dodge: Dodged            |    77 |    51 |   268 |   387 |   486 ||  1269
Block: Other             |       |       |    86 |   144 |   181 ||   411
       Reflection        |       |       |     1 |     5 |     1 ||     7

Table legend: (Time is in decaauts)
 A = Elapsed time spent in this place.
 B = Non-inter-level travel time spent in this place.
 C = Inter-level travel time spent in this place.
 D = Time resting spent in this place.
 E = Time spent auto-exploring this place.
 F = Levels seen in this place.
 G = Mean time per level.
                   A        B        C        D        E       F      G
               +--------+--------+--------+--------+--------+-----+--------+
         Total |  23618 |  21655 |   1963 |   2618 |  13537 |  25 |  944.7 |
       Dungeon |  13475 |  12178 |   1297 |   2223 |   7391 |  14 |  962.5 |
        Temple |     73 |     54 |     19 |      0 |     54 |   1 |   73.0 |
          Lair |   7421 |   6776 |    645 |    238 |   4860 |   6 | 1236.8 |
         Abyss |    852 |    852 |      0 |    147 |     17 |   1 |  852.0 |
         Sewer |    740 |    740 |      0 |      0 |    475 |   1 |  740.0 |
      Ice Cave |    508 |    508 |      0 |      0 |    340 |   1 |  508.0 |
      Gauntlet |    545 |    545 |      0 |     10 |    398 |   1 |  545.0 |
               +--------+--------+--------+--------+--------+-----+--------+

Top non-repeatable levels by time:
     D:5: 1836 daAuts
  Lair:6: 1792 daAuts
  Lair:1: 1373 daAuts
     D:7: 1321 daAuts
     D:4: 1320 daAuts
  Lair:3: 1269 daAuts
     D:2: 1198 daAuts
     D:1: 1152 daAuts
    D:10: 1122 daAuts
     D:6: 1112 daAuts
  Lair:2: 1093 daAuts
     D:3: 1084 daAuts
     D:9: 1062 daAuts
  Lair:5: 1058 daAuts
 Abyss:1: 852 daAuts
